 Dungeon Crawl Stone Soup version 0.17-a0-1-g1f4be75 (webtiles) character file.

43 grisnicke the Conjurer (level 3, -2/26 HPs)
             Began as a Draconian Conjurer on Mar 5, 2015.
             Killed from afar by Ijyb (7 damage)
             ... with a wand of magic darts
             ... on level 2 of the Dungeon.
             The game lasted 00:07:51 (1360 turns).

grisnicke the Conjurer (Draconian Conjurer)         Turns: 1360, Time: 00:07:51

Health: -2/26      AC:  5    Str: 10    XL:     3   Next: 37%
Magic:  1/6        EV: 11    Int: 16    God:
Gold:   72         SH:  3    Dex: 11    Spells: 2 memorised, 2 levels left

rFire  . . .     SeeInvis .     f - +0 hand axe
rCold  + . .     Clarity  .     (armour unavailable)
rNeg   . . .     SustAb   .     n - +0 buckler
rPois  .         Gourm    .     (helmet restricted)
rElec  .         Spirit   .     (no cloak)
rCorr  .         Warding  .     (no gloves)
rMut   .         Stasis   .     (no boots)
MR     +....                    (no amulet)
Stlth  ++........               r - ring of protection from cold
                                g - ring of protection from magic

@: somewhat resistant to hostile enchantments, unstealthy
A: unfitting armour, cold-blooded, AC +5
a: no special abilities


You were on level 2 of the Dungeon.
You were not hungry.

You visited 1 branch of the dungeon, and saw 2 of its levels.

You collected 72 gold pieces.

Inventory:

Hand weapons
 f - a +0 hand axe (weapon)
Missiles
 d - a throwing net
 e - 37 stones (quivered)
 p - 10 tomahawks
Armour
 n - a +0 buckler (worn)
Jewellery
 g - a ring of protection from magic (left hand)
 r - a ring of protection from cold (right hand)
Scrolls
 i - a scroll of blinking {unknown}
 k - a scroll of teleportation {unknown}
 m - a scroll of recharging {unknown}
 o - a scroll of fog {unknown}
 q - 3 scrolls of identify {unknown}
Potions
 j - a potion of might {unknown}
 l - a potion of brilliance {unknown}
Books
 c - a book of Conjurations

   Spells                             Type                      Level
   a - Magic Dart                     Conjuration                  1
   b - Searing Ray                    Conjuration                  2
   c - Dazzling Spray                 Conjuration/Hexes            3
   d - Fulminant Prism                Conjuration/Hexes            4
   e - Iskenderun's Mystic Blast      Conjuration                  4
   f - Iskenderun's Battlesphere      Conjuration/Charms           5
Comestibles
 b - 2 bread rations
 h - 2 beef jerkies


   Skills:
 - Level 1.7 Dodging
 - Level 1.7 Stealth
 + Level 0.6 Shields
 - Level 2.0 Spellcasting
 - Level 5.1 Conjurations
 + Level 0.1 Hexes


You had 2 spell levels left.
You knew the following spells:

 Your Spells              Type           Power        Failure   Level  Hunger
a - Magic Dart            Conj           ###.         4%          1    #......
b - Dazzling Spray        Conj/Hex       ##......     34%         3    ###....


Dungeon Overview and Level Annotations

Branches:
Dungeon (2/15)

Altars:

Annotations:
D:2 Ijyb


Innate Abilities, Weirdness & Mutations

Your plain brown scales are hard (AC +5).
Your body does not fit into most forms of armour.
Your cold-blooded metabolism reacts poorly to cold.


Message History

Confirm with . or Enter, or press ? or * to list all spells.
You don't have enough magic to cast that spell.
Unknown command.
You barely miss Ijyb.
Ijyb is heavily wounded.
Ijyb drinks a potion.
Ijyb is healed!
You closely miss Ijyb. You tail-slap Ijyb, but do no damage.
Ijyb closely misses you.
You hit Ijyb.
Your tail-slap misses Ijyb.
Ijyb is lightly wounded.
Ijyb zaps a wand.
The magic dart hits you!
Ijyb zaps a wand.
The magic dart hits you!
You barely miss Ijyb.
Ijyb is lightly wounded.
Ijyb zaps a wand.
The magic dart hits you!
* * * LOW HITPOINT WARNING * * *
You closely miss Ijyb.
Your tail-slap misses Ijyb.
Ijyb is lightly wounded.
Ijyb zaps a wand.
The magic dart hits you!
You die...

#.# #.# ###### #.# #
#####....#######.##.###.#.
.........................>
#####....#######.#########
##....# #.# #.....# #.#
#...### #@# #...# #g#
#...# #.# #...# #.# #...#
#.# #...# #.# ##### #.#
#.# #..


You could see Ijyb.

Vanquished Creatures
  A giant mite (D:1)
  A worm (D:2)
  3 hobgoblins
  2 kobolds
  8 bats
  2 giant cockroaches (D:1)
  6 giant newts
  5 goblins
  6 rats
34 creatures vanquished.

Notes
Turn   | Place    | Note
--------------------------------------------------------------
     0 | D:1      | grisnicke, the Draconian Conjurer, began the quest for the Orb.
     0 | D:1      | Reached XP level 1. HP: 14/14 MP: 3/3
   130 | D:1      | Reached XP level 2. HP: 20/20 MP: 0/4
   900 | D:1      | Reached skill level 5 in Conjurations
   941 | D:1      | Reached XP level 3. HP: 26/26 MP: 1/6
  1266 | D:2      | Learned a level 3 spell: Dazzling Spray
  1337 | D:2      | Noticed Ijyb
  1360 | D:2      | Killed from afar by Ijyb

Action                   || total
-------------------------++-------
Melee: Unarmed           ||     6
       Hand axe          ||    13
Throw: Stone             ||     7
 Cast: Magic Dart        ||    61
  Eat: Chunk             ||     2
